 Dungeon Crawl Stone Soup version 0.22-a0-99-g1ac4c55 (webtiles) character file.

2842 Kavrick the Poker (level 9, 0/69 HPs)
             Began as a Demonspawn Fighter on Jan 25, 2018.
             Was an Initiate of Makhleb.
             Slain by Gastronok (24 damage)
             ... on level 8 of the Dungeon.
             The game lasted 00:16:56 (7174 turns).

Kavrick the Poker (Demonspawn Fighter)              Turns: 7174, Time: 00:16:57

Health: 0/69       AC: 17    Str: 19    XL:     9   Next: 46%
Magic:  9/9        EV: 12    Int:  9    God:    Makhleb [......]
Gold:   350        SH:  0    Dex: 14    Spells: 8/8 levels left

rFire    . . .     SeeInvis .   d - +1 scythe (protect)
rCold    . . .     Gourm    .   (shield currently unavailable)
rNeg     + + +     Faith    .   H - +0 scale mail of Subjectivity {rElec rN+++ rCorr Slay-4} (curse)
rPois    .         Spirit   .   (helmet restricted)
rElec    +         Reflect  .   r - +0 cloak
rCorr    +         Harm     .   D - +0 pair of gloves
MR       .....                  (no boots)
Stlth    ..........             (no amulet)
HPRegen  0.21/turn              (no ring)
MPRegen  0.11/turn              (no ring)

@: protection aura
A: antennae 1, claws 1, hooves 1, spiny 2, rot immunity
a: Renounce Religion


You were on level 8 of the Dungeon.
You worshipped Makhleb.
Makhleb was noncommittal.
You were not hungry.

You visited 2 branches of the dungeon, and saw 9 of its levels.

You collected 350 gold pieces.

Inventory:

Hand Weapons
 a - a +0 trident
 d - a +1 scythe of protection (weapon)
Armour
 b - a +0 scale mail
 c - a +0 shield
 g - a +0 chain mail
 r - a +0 cloak (worn)
 D - a +0 pair of gloves (worn)
 H - the cursed +0 scale mail of Subjectivity (worn) {rElec rN+++ rCorr Slay-4}
   (You found it on level 7 of the Dungeon)

   It affects your accuracy and damage with ranged weapons and melee attacks
   (-4).
   It insulates you from electricity.
   It renders you almost immune to negative energy.
   It protects you from acid and corrosion.
   It has a curse placed upon it.
Jewellery
 t - an uncursed amulet of faith {unknown}
 A - an uncursed ring of magical power {unknown}
 B - an uncursed amulet of faith {unknown}
Wands
 u - a wand of iceblast (9)
Scrolls
 e - a scroll of fog {unknown}
 h - 4 scrolls of immolation {unknown}
 k - 3 scrolls of amnesia {unknown}
 l - 6 scrolls of identify {unknown}
 m - 3 scrolls of teleportation {unknown}
 p - a scroll of enchant armour {unknown}
 s - 4 scrolls of remove curse {unknown}
 w - 2 scrolls of enchant weapon {unknown}
 y - 2 scrolls of magic mapping {unknown}
 C - a scroll of summoning {unknown}
 F - 3 scrolls of blinking {unknown}
 G - a scroll of noise {unknown}
Potions
 i - 3 potions of haste {unknown}
 j - 2 potions of heal wounds {unknown}
 n - a potion of ambrosia {unknown}
 o - a potion of might
 q - 3 potions of curing {unknown}
 v - a potion of lignification {unknown}
 z - a potion of agility {unknown}
 E - a potion of berserk rage {unknown}
Books
 x - a book of Minor Magic

   Spells                             Type                      Level
   a - Magic Dart                     Conjuration                  1
   b - Blink                          Translocation                2
   c - Call Imp                       Summoning                    2
   d - Slow                           Hexes                        2
   e - Conjure Flame                  Conjuration/Fire             3
   f - Mephitic Cloud                 Conjuration/Poison/Air       3
 I - a Young Poisoner's Handbook

   Spells                             Type                      Level
   a - Sting                          Conjuration/Poison           1
   b - Poisonous Vapours              Poison/Air                   2
   c - Mephitic Cloud                 Conjuration/Poison/Air       3
   d - Olgreb's Toxic Radiance        Poison                       4
   e - Venom Bolt                     Conjuration/Poison           5
Comestibles
 f - 9 rations
 J - 5 chunks of flesh


   Skills:
 + Level 6.1 Fighting
 * Level 7.2 Polearms
 + Level 5.5 Armour
 + Level 4.5 Dodging
 + Level 5.4 Shields
 + Level 0.9 Invocations


You had 8 spell levels left.
You didn't know any spells.

Dungeon Overview and Level Annotations

Branches:
Dungeon (7/15)             Temple (1/1) D:7

Altars:
Ashenzari
Cheibriados
Dithmenos
Fedhas
Gozag
Hepliaklqana
Kikubaaqudgha
Makhleb
Nemelex Xobeh
Okawaru
Ru
Sif Muna
Trog
Vehumet
Wu Jian
Xom
Yredelemnul
Zin
The Shining One

Annotations:
D:8 Gastronok


Innate Abilities, Weirdness & Mutations

You have a pair of small antennae on your head.
You have sharp fingernails.
You have large cloven feet.
You are mostly covered in sharp spines.
You are immune to rotting.


Message History

There is an open door here.
The quokka is struck by your spines.
You kill the quokka!
Makhleb accepts your kill.
You close the door.
Gastronok opens the door.
There is an open door here.
You hit Gastronok.
Your weapon exudes an aura of protection.
Gastronok is lightly wounded.
Gastronok is struck by your spines. Gastronok bites you but does no damage.
You slash Gastronok! You kick Gastronok, but do no damage.
Gastronok is lightly wounded.
Gastronok's eyestalks quiver as he mumbles some strange words.
You hit Gastronok but do no damage.
Gastronok is lightly wounded.
The bat is struck by your spines.
You kill the bat!
The bat's corpse disappears in a puff of smoke!
The bat misses you. Gastronok bites you!!
You die...

#.# .. #+## #.# #...## #.##
#.....# #..## ##.....(.
######...####/.......
.<..........@§b......
#........†#w.$..... ..
#.##..###.##....... .. #.##
#.# #.....# #. #))# #.#
#...## #. #.###)###.# #+##
#. #.........# #.# #.
#####.#########.##########.
#......................##.


You could see Gastronok and a bat.

Vanquished Creatures
  The ghost of Tovarisch the Reanimator, a novice DENe (D:6)
  Sigmund (D:3)
  Menkaure (D:7)
  2 orc warriors
  2 ice beasts
  A phantom (D:7)
  5 ogres
  4 centaurs
  A big kobold (D:6)
  A scorpion (D:8)
  The ghost of lemonriz the Ruffian, a weakling DrTm (D:3)
  A crimson imp (D:4)
  3 orc priests
  A centaur zombie (D:5)
  A bullfrog skeleton (D:6)
  A centaur skeleton (D:4)
  6 orc wizards
  3 iguanas
  4 worker ants
  A hound zombie (D:7)
  A worker ant zombie (D:6)
  A howler monkey skeleton (D:4)
  12 adders
  A shadow imp (D:7)
  An ooze (D:2)
  An adder skeleton (D:5)
  3 worms (D:2)
  11 dart slugs
  9 leopard geckos
  24 orcs
  3 giant cockroaches
  11 goblins
  14 hobgoblins
  7 jackals
  4 quokkas
  2 ball pythons (D:3)
  15 bats
  6 frilled lizards
  20 kobolds
  11 rats
198 creatures vanquished.

Notes
Turn   | Place    | Note
-------+----------+-------------------------------------------
     0 | D:1      | Kavrick the Demonspawn Fighter began the quest for the Orb.
     0 | D:1      | Reached XP level 1. HP: 18/18 MP: 1/1
   139 | D:1      | Reached skill level 2 in Polearms
   339 | D:1      | Gained mutation: You are immune to rotting. [demonic ancestry]
   339 | D:1      | Reached XP level 2. HP: 24/24 MP: 2/2
   529 | D:1      | Found a snail-covered altar of Cheibriados.
   828 | D:1      | Gained mutation: You are partially covered in sharp spines. [demonic ancestry]
   828 | D:1      | Reached XP level 3. HP: 29/29 MP: 3/3
  1099 | D:2      | Reached skill level 1 in Dodging
  1165 | D:2      | Gained mutation: You have large cloven feet. [demonic ancestry]
  1165 | D:2      | Reached XP level 4. HP: 35/35 MP: 4/4
  1186 | D:2      | Noticed an ogre
  1199 | D:2      | Killed an ogre
  1199 | D:2      | Reached skill level 3 in Polearms
  1199 | D:2      | Gained mutation: You have a pair of small antennae on your head. [demonic ancestry]
  1199 | D:2      | Reached XP level 5. HP: 14/41 MP: 5/5
  2074 | D:3      | Noticed Sigmund
  2387 | D:3      | Killed Sigmund
  2387 | D:3      | Reached XP level 6. HP: 47/48 MP: 6/6
  2425 | D:3      | Noticed lemonriz's ghost (weakling DrTm)
  2432 | D:3      | Killed lemonriz's ghost
  2432 | D:3      | Reached skill level 4 in Polearms
  3344 | D:4      | Found a bloodstained altar of Trog.
  3360 | D:4      | Gained mutation: You have sharp fingernails. [demonic ancestry]
  3360 | D:4      | Reached XP level 7. HP: 32/54 MP: 7/7
  4256 | D:5      | Entered Level 5 of the Dungeon
  4524 | D:5      | Reached skill level 5 in Polearms
  4924 | D:5      | Gained mutation: You are mostly covered in sharp spines. [demonic ancestry]
  4924 | D:5      | Reached XP level 8. HP: 58/61 MP: 8/8
  5659 | D:6      | Reached skill level 5 in Fighting
  5808 | D:6      | Noticed Tovarisch's ghost (novice DENe)
  5814 | D:6      | Killed Tovarisch's ghost
  5814 | D:6      | Reached skill level 6 in Polearms
  5814 | D:6      | Reached skill level 5 in Armour
  5814 | D:6      | Reached skill level 5 in Shields
  6094 | D:7      | Reached XP level 9. HP: 69/69 MP: 9/9
  6461 | D:7      | Noticed Menkaure
  6463 | D:7      | Killed Menkaure
  6747 | D:7      | Reached skill level 7 in Polearms
  6835 | D:7      | Found a staircase to the Ecumenical Temple.
  6925 | Temple   | Entered the Ecumenical Temple
  6994 | Temple   | Became a worshipper of Makhleb the Destroyer
  7067 | D:7      | Got a dazzling scale mail
  7078 | D:7      | Identified the cursed +0 scale mail of Subjectivity {rElec rN+++ rCorr Slay-4} (You found it on level 7 of the Dungeon)
  7104 | D:7      | You fall through a shaft!
  7163 | D:8      | Noticed Gastronok
  7174 | D:8      | Slain by Gastronok

Vault maps used:
D:1:      lemuel_arrival_funnel, cheibriados_altar_1
D:2:      minmay_diamond_boxcup
D:3:      roderic_batcave, uniq_sigmund
D:4:      bloody_trog
D:5:      kennysheep_slugbush, first_ration, st_stairs_8, chequers_big_river
D:7:      temple_statues, uniq_menkaure
D:8:      nicolae_elemental_shop, uniq_gastronok
Temple:   grunt_wide_crystal_templ

Skill      XL: |  1  2  3  4  5  6  7  8  9 |
---------------+----------------------------+-----
Polearms       | 2 3 4 5 6 7 |  7.2
Armour         | 3 4 5 |  5.5
Shields        | 3 4 5 |  5.4
Dodging        | 1 2 3 4 |  4.5
Fighting       | 4 5 6 |  6.1
Invocations    | |  0.9

Action                   |  1- 3 |  4- 6 |  7- 9 || total
-------------------------+-------+-------+-------++-------
Melee: Trident           |   162 |    69 |       ||   231
       Kick              |       |    31 |    45 ||    76
       Scythe            |       |    71 |   189 ||   260
  Use: Potion            |       |     1 |       ||     1
 Stab: Distracted        |       |       |     2 ||     2
  Eat: Chunk             |     1 |     6 |    14 ||    21
Armor: Scale mail        |    57 |    17 |     7 ||    81
       Chain mail        |       |    29 |   118 ||   147
Dodge: Dodged            |    39 |    41 |    89 ||   169
Block: Shield            |    61 |    24 |       ||    85

Table legend:
 A = Spawn XP
 B = Non-spawn XP
 C = Spawn XP percentage of total XP
 D = Spawn monster count
 E = Non-spawn monster count
 F = Spawn count percentage of total count
 G = Total turns spent on level
                    A         B        C        D         E        F      G
               +---------+---------+-------+---------+---------+-------+---------
         Total |       0 |    4060 |   0.0 |       0 |     198 |   0.0 |  7174
               +---------+---------+-------+---------+---------+-------+---------
           D:1 |       0 |      47 |   0.0 |       0 |      24 |   0.0 |   977
           D:2 |       0 |     229 |   0.0 |       0 |      38 |   0.0 |  1310
           D:3 |       0 |     359 |   0.0 |       0 |      39 |   0.0 |   868
           D:4 |       0 |     359 |   0.0 |       0 |      15 |   0.0 |  1101
           D:5 |       0 |     694 |   0.0 |       0 |      34 |   0.0 |  1349
           D:6 |       0 |    1039 |   0.0 |       0 |      21 |   0.0 |   459
           D:7 |       0 |    1083 |   0.0 |       0 |      21 |   0.0 |   962
           D:8 |       0 |     250 |   0.0 |       0 |       6 |   0.0 |    70
               +---------+---------+-------+---------+---------+-------+---------
